 Dungeon Crawl Stone Soup version 0.21.1-1-g345015f (webtiles) character file.

303 Inchmeat the Fighter (level 6, -3/85 HPs)
             Began as a Gnoll Wanderer on June 25, 2018.
             Slain by a troll zombie (6 damage)
             ... in an ossuary on June 26, 2018.
             The game lasted 00:05:52 (3139 turns).

Inchmeat the Fighter (Gnoll Wanderer)               Turns: 3139, Time: 00:05:52

Health: -3/85      AC: 23    Str: 14    XL:     6   Next: 38%
Magic:  9/9        EV:  2    Int: 16    God:
Gold:   93         SH:  0    Dex: 15    Spells: 8/8 levels left

rFire    . . .     SeeInvis .     - Unarmed
rCold    . . .     Gourm    .   (no shield)
rNeg     + + +     Faith    .   (armour currently unavailable)
rPois    +         Spirit   .   (helmet currently unavailable)
rElec    .         Reflect  .   (cloak currently unavailable)
rCorr    .         Harm     .   (gloves currently unavailable)
MR       .....     NoTele   +   (boots currently unavailable)
Stlth    +++.......             h - amulet of inaccuracy (curse)
HPRegen  0.24/turn              k - ring of stealth
MPRegen  0.11/turn              g - ring of wizardry

@: tree-form
A: distributed training, strong nose
a: no special abilities


You were in an ossuary.
You were very hungry.
You were a tree.
You visited 1 branch of the dungeon, and saw 4 of its levels.
You also visited: Ossuary.

You collected 93 gold pieces.

Inventory:

Hand Weapons
 a - a +2 spear
Armour
 b - a +0 ring mail (melded)
 f - a +1 scale mail of cold resistance
Jewellery
 g - a ring of wizardry (right branch)
 h - a cursed amulet of inaccuracy (around neck)
 i - a cursed -3 ring of dexterity {unknown}
 k - a ring of stealth (left branch)
Wands
 c - a wand of random effects (15)
Comestibles
 d - 7 rations


   Skills:
 + Level 8.7 Fighting
 + Level 1.9 Short Blades
 + Level 1.9 Long Blades
 + Level 1.9 Axes
 + Level 1.9 Maces & Flails
 + Level 1.9 Polearms
 + Level 1.9 Staves
 + Level 1.9 Slings
 + Level 1.9 Bows
 + Level 1.9 Crossbows
 + Level 1.9 Throwing
 + Level 4.9 Armour
 + Level 3.2 Dodging
 + Level 3.0 Stealth
 + Level 1.9 Shields
 + Level 1.9 Unarmed Combat
 + Level 1.9 Spellcasting
 + Level 1.5 Conjurations
 + Level 1.5 Hexes
 + Level 1.5 Charms
 + Level 1.5 Summonings
 + Level 1.5 Necromancy
 + Level 1.5 Translocations
 + Level 1.5 Transmutations
 + Level 1.5 Fire Magic
 + Level 1.5 Ice Magic
 + Level 1.5 Air Magic
 + Level 1.5 Earth Magic
 + Level 1.5 Poison Magic
 + Level 2.1 Invocations
 + Level 4.9 Evocations


You had 8 spell levels left.
You didn't know any spells.

Dungeon Overview and Level Annotations

Branches:
Dungeon (4/15)             Temple (0/1) D:4

Altars:
Hepliaklqana
Vehumet


Innate Abilities, Weirdness & Mutations

Your experience applies equally to all skills.
((You have very sharp teeth.))
Your uncanny sense of smell can sniff out nearby items.


Message History

Ye hit tha troll zombie.
Tha troll zombie be heavily damaged.
Tha troll zombie bites ye.
* * * LOW HITPOINT WARNIN'
* * * Tha troll zombie claws ye.
* * * LOW HITPOINT WARNIN'
* * * Tha troll zombie claws ye.
* * * LOW HITPOINT WARNIN'
* * * Thar's a creature in tha doorway!
Unknown command.
Ye ar'n't carryin' any potions.
Ye ar'n't carryin' any spellbooks or scrolls.
Unknown command.
Ye be now empty-handed.
Ye hit tha troll zombie but do nay damage.
Tha troll zombie be heavily damaged.
Tha troll zombie bites ye.
* * * LOW HITPOINT WARNIN'
* * * Tha troll zombie claws ye.
Ye die...

#############################
...........................∩#
............................#
.#####'###'###'###'###'###..#
.#...#.. #.. #..♣#...#...#..#
.#.#######+#####Z###'###.#..#
.'.# ...#....#.#..# .###
....#....###..# .# #
#....#....#.'..# .#.+
#....#....#.#..# .'.#
###########.#..# .###
#....###..# .# + #....#.'..#


You could see a troll zombie.

Vanquished Creatures
  A bullfrog (D:3)
  A water moccasin skeleton (D:3)
  A centaur zombie (Ossuary)
  A big kobold zombie (Ossuary)
  An ogre zombie (Ossuary)
  2 mummies (Ossuary)
  A gnoll (D:3)
  2 adders
  5 adder zombies (Ossuary)
  A worm (D:2)
  2 dart slugs
  A leopard gecko (D:1)
  3 giant cockroaches
  2 goblins
  6 hobgoblins
  4 jackals (D:1)
  5 kobolds
  5 bats
  2 frilled lizards
  5 goblin zombies (Ossuary)
  3 hobgoblin zombies (Ossuary)
  4 kobold zombies (Ossuary)
  4 quokka zombies (Ossuary)
  A rat (D:1)
  3 rat zombies (Ossuary)
66 creatures vanquished.

Notes
Turn   | Place    | Note
-------+----------+-------------------------------------------
     0 | D:1      | Inchmeat the Gnoll Wanderer began the quest for the Orb.
     0 | D:1      | Inchmeat set off with: a +2 spear, a +0 ring mail, a wand of random effects (15), a ration
     0 | D:1      | Reached XP level 1. HP: 26/26 MP: 3/3
   285 | D:1      | Reached XP level 2. HP: 33/33 MP: 5/5
   711 | D:2      | Found a radiant altar of Vehumet.
  1013 | D:2      | Reached XP level 3. HP: 38/38 MP: 6/6
  1158 | D:2      | Reached skill level 1 in Invocations
  1478 | D:3      | Noticed a bullfrog
  1504 | D:3      | Killed a bullfrog
  1504 | D:3      | Reached skill level 1 in Short Blades
  1504 | D:3      | Reached skill level 1 in Long Blades
  1504 | D:3      | Reached skill level 1 in Axes
  1504 | D:3      | Reached skill level 1 in Maces & Flails
  1504 | D:3      | Reached skill level 1 in Polearms
  1504 | D:3      | Reached skill level 1 in Staves
  1504 | D:3      | Reached skill level 1 in Slings
  1504 | D:3      | Reached skill level 1 in Bows
  1504 | D:3      | Reached skill level 1 in Crossbows
  1504 | D:3      | Reached skill level 1 in Throwing
  1504 | D:3      | Reached skill level 1 in Shields
  1504 | D:3      | Reached skill level 1 in Unarmed Combat
  1504 | D:3      | Reached skill level 1 in Spellcasting
  1504 | D:3      | Reached skill level 1 in Conjurations
  1504 | D:3      | Reached skill level 1 in Hexes
  1504 | D:3      | Reached skill level 1 in Charms
  1504 | D:3      | Reached skill level 1 in Summonings
  1504 | D:3      | Reached skill level 1 in Necromancy
  1504 | D:3      | Reached skill level 1 in Translocations
  1504 | D:3      | Reached skill level 1 in Transmutations
  1504 | D:3      | Reached skill level 1 in Fire Magic
  1504 | D:3      | Reached skill level 1 in Ice Magic
  1504 | D:3      | Reached skill level 1 in Air Magic
  1504 | D:3      | Reached skill level 1 in Earth Magic
  1504 | D:3      | Reached skill level 1 in Poison Magic
  1504 | D:3      | Reached XP level 4. HP: 15/45 MP: 7/7
  1759 | D:3      | Found a hazy altar of Hepliaklqana.
  1781 | D:3      | Reached XP level 5. HP: 17/51 MP: 8/8
  2189 | D:4      | Found a sand-covered staircase.
  2195 | Ossuary  | Entered an ossuary
  2711 | Ossuary  | Reached XP level 6. HP: 49/57 MP: 9/9
  3139 | Ossuary  | HP: 3/85 [troll zombie (4)]
  3139 | Ossuary  | Slain by a troll zombie

Skill      XL: |  1  2  3  4  5  6 |
---------------+-------------------+-----
Invocations    | 1 2 |  2.1
Short Blades   | 1 |  1.9
Long Blades    | 1 |  1.9
Axes           | 1 |  1.9
Maces & Flails | 1 |  1.9
Polearms       | 1 |  1.9
Staves         | 1 |  1.9
Slings         | 1 |  1.9
Bows           | 1 |  1.9
Crossbows      | 1 |  1.9
Throwing       | 1 |  1.9
Shields        | 1 |  1.9
Unarmed Combat | 1 |  1.9
Spellcasting   | 1 |  1.9
Conjurations   | 1 |  1.5
Hexes          | 1 |  1.5
Charms         | 1 |  1.5
Summonings     | 1 |  1.5
Necromancy     | 1 |  1.5
Translocations | 1 |  1.5
Transmutations | 1 |  1.5
Fire Magic     | 1 |  1.5
Ice Magic      | 1 |  1.5
Air Magic      | 1 |  1.5
Earth Magic    | 1 |  1.5
Poison Magic   | 1 |  1.5
Dodging        | 3 |  3.2
Stealth        | 3 |  3.0
Fighting       | |  8.7
Armour         | |  4.9
Evocations     | |  4.9

Action                   |  1- 3 |  4- 6 || total
-------------------------+-------+-------++-------
Melee: Spear             |   126 |   312 ||   438
       Bite              |    12 |    47 ||    59
       Punch             |       |     4 ||     4
       Unarmed           |       |     1 ||     1
  Use: Scroll            |     3 |     1 ||     4
       Potion            |       |     1 ||     1
 Stab: Sleeping          |     3 |    14 ||    17
       Distracted        |       |     1 ||     1
  Eat: Chunk             |     2 |     1 ||     3
       Ration            |       |     1 ||     1
Armor: Ring mail         |    44 |    76 ||   120
       Skin              |       |     2 ||     2
Dodge: Dodged            |   101 |   140 ||   241
